[Event "January 9 Late 2024"]
[Site "https://www.chess.com"]
[Date "2024.01.09"]
[Round "6"]
[White "Yoo, Christopher Woojin"]
[Black "Dubov, Daniil"]
[Result "0-1"]
[Board "5"]
[TimeControl "180+1"]
[WhiteFideId "30909694"]
[BlackFideId "24126055"]
[WhiteElo "2983"]
[BlackElo "3123"]
[WhiteTeam "USA"]
[BlackTeam "RUS"]
[WhiteClock "0:00:03"]
[BlackClock "0:00:04"]

1. e4 c5 2. Nf3 e6 3. g3 d5 4. exd5 exd5 5. Bg2 Qe7+ 6. Kf1 Nc6 7. d4 Qd8 8. Nc3 Nf6 9. Bg5 Be6 10. Qd2 Be7 11. Bxf6 Bxf6 12. dxc5 O-O 13. h4 h6 14. Bh3 Bxc3 15. bxc3 Qa5 16. Kg2 Qxc5 17. Rhe1 Rae8 18. Nd4 Bxh3+ 19. Kxh3 Ne5 20. Kg2 Ng4 21. Rxe8 Rxe8 22. Re1 Rxe1 23. Qxe1 Nf6 24. f3 Qc4 25. g4 Qxa2 26. g5 hxg5 27. hxg5 Nd7 28. g6 Nf8 29. gxf7+ Kxf7 30. Qe5 Qa6 31. Qxd5+ Ke8 32. Qe5+ Kf7 33. Qd5+ Ke8 34. Nf5 Ne6 35. Nd6+ Ke7 36. Nf5+ Kf6 37. Ng3 Qc6 38. Ne4+ Ke7 39. Qe5 Qd7 40. Ng3 Qc7 41. Nf5+ Kf7 42. Qd5 Kf6 43. Kf2 Qc5+ 44. Ne3 Qxd5 45. Nxd5+ Ke5 46. Ne3 Nf4 47. Ke1 Nd5 48. Nc4+ Kf4 49. Kd2 Kxf3 50. Nd6 b6 51. c4 Ne7 52. Nb5 a5 53. Nc3 g5 54. Nd5 Nc8 55. Ne3 g4 56. Kd3 g3 57. Nf5 g2 58. Nh4+ Kf2 59. Nxg2 Kxg2 60. Kd4 Na7 61. c5 b5 62. Kd5 a4 63. Kd4 Kf3 64. Kc3 Ke4 65. Kb4 Kd5 66. c3 Kc6 67. c4 bxc4 68. Kxc4 Nb5 69. Kb4 a3 70. Kb3 Kxc5 71. Ka2 Kc4 0-1

[Event "January 9 Late 2024"]
[Site "https://www.chess.com"]
[Date "2024.01.09"]
[Round "6"]
[White "Alekseenko, Kirill"]
[Black "Oparin, Grigoriy"]
[Result "1-0"]
[Board "6"]
[TimeControl "180+1"]
[WhiteFideId "4135539"]
[BlackFideId "24125890"]
[WhiteElo "2934"]
[BlackElo "3066"]
[WhiteTeam "AUT"]
[BlackTeam "USA"]
[WhiteClock "0:00:38"]
[BlackClock "0:00:00"]

1. e4 c5 2. Nf3 e6 3. Nc3 Nc6 4. h3 a6 5. d4 cxd4 6. Nxd4 Qc7 7. Nxc6 bxc6 8. Bd3 Nf6 9. O-O d5 10. Qe2 Be7 11. Bg5 h6 12. Bd2 Rb8 13. b3 a5 14. Rfe1 Bb7 15. Rad1 d4 16. Na4 e5 17. c3 c5 18. cxd4 cxd4 19. Rc1 Qd8 20. Bb5+ Kf8 21. Bd3 g5 22. Nb2 Ra8 23. Nc4 Nd7 24. Qf3 Kg7 25. Qg3 Qb8 26. Nxa5 Bd6 27. b4 Nf6 28. a4 Nh5 29. Qf3 Nf6 30. b5 Bc7 31. Nc6 Bxc6 32. Rxc6 Bd8 33. a5 Ra7 34. b6 Rd7 35. a6 Rd6 36. a7 1-0

[Event "January 9 Late 2024"]
[Site "https://www.chess.com"]
[Date "2024.01.09"]
[Round "6"]
[White "Fedoseev, Vladimir"]
[Black "Sanal, Vahap"]
[Result "1-0"]
[Board "7"]
[TimeControl "180+1"]
[WhiteFideId "24130737"]
[BlackFideId "6300545"]
[WhiteElo "3046"]
[BlackElo "2932"]
[WhiteTeam "SLO"]
[BlackTeam "TUR"]
[WhiteClock "0:00:10"]
[BlackClock "0:00:05"]

1. c4 c6 2. d4 d5 3. Nf3 Nf6 4. h3 Bf5 5. g4 Bxb1 6. Rxb1 e6 7. Bg2 Bb4+ 8. Kf1 Be7 9. Qc2 Nbd7 10. Bf4 O-O 11. Nd2 Rc8 12. b4 dxc4 13. Nxc4 Nb6 14. Qd3 Nxc4 15. Qxc4 Nd5 16. Bd2 Bf6 17. e3 e5 18. dxe5 Bxe5 19. Ke2 Re8 20. Rhd1 Qh4 21. Kf1 h5 22. Rbc1 Nf6 23. g5 Qxc4+ 24. Rxc4 Nd5 25. b5 Nb6 26. Rcc1 cxb5 27. Bxb7 Rxc1 28. Bxc1 Rb8 29. Ba6 b4 30. f4 Bc3 31. Ke2 g6 32. e4 Re8 33. Kf3 Kg7 34. Be3 Re6 35. Rd8 Rc6 36. Bb5 Rc7 37. f5 gxf5 38. exf5 f6 39. g6 Be5 40. h4 Nc8 41. Bd7 Ne7 42. Be6 Rc3 43. Ke4 Rc7 44. Bh6+ Kxh6 45. Rh8+ Kg7 46. Rh7+ Kf8 47. g7+ Ke8 48. Rh8+ Ng8 49. Rxg8+ Ke7 50. Ra8 1-0

[Event "January 9 Late 2024"]
[Site "https://www.chess.com"]
[Date "2024.01.09"]
[Round "6"]
[White "Xiong, Jeffery"]
[Black "Christiansen, Johan-Sebastian"]
[Result "1-0"]
[Board "8"]
[TimeControl "180+1"]
[WhiteFideId "2047640"]
[BlackFideId "1512668"]
[WhiteElo "3018"]
[BlackElo "2911"]
[WhiteTeam "USA"]
[BlackTeam "NOR"]
[WhiteClock "0:01:08"]
[BlackClock "0:00:09"]

1. e4 e5 2. Nf3 Nc6 3. Nc3 Nf6 4. d4 exd4 5. Nxd4 Bb4 6. Nxc6 bxc6 7. Bd3 d5 8. exd5 O-O 9. O-O cxd5 10. h3 c6 11. Qf3 h6 12. Bf4 Bd6 13. Rfe1 Rb8 14. b3 Rb4 15. Ne2 Bxf4 16. Nxf4 Qd6 17. c4 a5 18. Rad1 a4 19. Bc2 axb3 20. Bxb3 Ba6 21. Nd3 Rbb8 22. cxd5 cxd5 23. Nf4 d4 24. Ne6 Rfe8 25. Rxd4 Qb6 26. Qg3 fxe6 27. Rd6 Qa5 28. Rexe6 Rxe6 29. Rxe6 Rxb3 30. Qxb3 Qb5 31. Rxa6+ 1-0

[Event "January 9 Late 2024"]
[Site "https://www.chess.com"]
[Date "2024.01.09"]
[Round "6"]
[White "Gledura, Benjamin"]
[Black "Martinez Alcantara, Jose Eduardo"]
[Result "1/2-1/2"]
[Board "9"]
[TimeControl "180+1"]
[WhiteFideId "712779"]
[BlackFideId "3805662"]
[WhiteElo "2898"]
[BlackElo "3012"]
[WhiteTeam "HUN"]
[BlackTeam "PER"]
[WhiteClock "0:00:14"]
[BlackClock "0:00:07"]

1. d4 Nf6 2. c4 e6 3. Nc3 Bb4 4. e3 O-O 5. Bd3 d5 6. cxd5 exd5 7. Ne2 Re8 8. O-O Nbd7 9. Bd2 Bf8 10. Nf4 Nb6 11. b3 g6 12. a4 a5 13. Qc2 c6 14. f3 Bg7 15. g4 Nfd7 16. Nce2 Nf8 17. Rac1 Ne6 18. Nxe6 Bxe6 19. Nf4 Nd7 20. Kg2 Rc8 21. Bc3 Nf8 22. Qd2 b6 23. Rfe1 Bd7 24. Qf2 Ne6 25. Nxe6 Bxe6 26. h4 Rf8 27. g5 Qd7 28. f4 c5 29. Bb5 Qe7 30. dxc5 Bxc3 31. Rxc3 bxc5 32. Rec1 Bf5 33. Kg3 Rfd8 34. Qe2 c4 35. Qd2 Qc5 36. Ba6 Rc6 37. Bb5 Rcc8 38. Ba6 Rc7 39. Bxc4 Qb4 40. Bb5 d4 41. exd4 Rxd4 42. Qe3 Re4 43. Qf3 Rxf4 44. Qxf4 Rxc3+ 45. Rxc3 Qxc3+ 46. Qf3 Qe1+ 47. Qf2 Qe5+ 48. Qf4 Qc3+ 49. Qf3 Qc5 50. Bc4 h5 51. Qf2 Qd6+ 52. Qf4 Qe7 53. Kf2 Qc5+ 54. Qe3 Qc7 55. Qd4 Qh2+ 56. Ke3 Qg3+ 57. Kd2 Qc7 58. Kc3 Qg3+ 59. Kd2 Qc7 60. Kc3 Qg3+ 61. Kd2 1/2-1/2

[Event "January 9 Late 2024"]
[Site "https://www.chess.com"]
[Date "2024.01.09"]
[Round "6"]
[White "Nakamura, Hikaru"]
[Black "Grigoriants, Sergey"]
[Result "1-0"]
[Board "10"]
[TimeControl "180+1"]
[WhiteFideId "2016192"]
[BlackFideId "4130804"]
[WhiteElo "3198"]
[BlackElo "2890"]
[WhiteTeam "USA"]
[BlackTeam "HUN"]
[WhiteClock "0:00:14"]
[BlackClock "0:00:00"]

1. Nf3 d5 2. g3 g6 3. Bg2 Bg7 4. d4 Nf6 5. O-O O-O 6. c4 c6 7. Qb3 Qb6 8. Nc3 dxc4 9. Qxc4 Be6 10. Qa4 Bf5 11. Qa3 Re8 12. Bf4 Nbd7 13. Rfd1 a5 14. Nh4 Be6 15. e4 Bc4 16. b3 Ba6 17. Nf3 Qb4 18. Qc1 Nh5 19. Be3 Rac8 20. Rb1 e5 21. Bh3 Rcd8 22. d5 Nhf6 23. a3 Qf8 24. dxc6 bxc6 25. Qc2 Qxa3 26. Ra1 Qb4 27. Ra4 Qb7 28. Rxa5 Ra8 29. Rda1 Nf8 30. Nxe5 Bb5 31. Rxa8 Rxa8 32. Rxa8 Qxa8 33. f4 Qe8 34. Nxb5 cxb5 35. Bg2 N8d7 36. Nxd7 Qxd7 37. h3 h5 38. e5 Nh7 39. Qd2 Qe7 40. Qd6 Qe8 41. Bd5 Nf8 42. Qc6 Qd8 43. Qxb5 Ne6 44. Qc4 h4 45. Bxe6 fxe6 46. g4 Kh7 47. Kf2 Qd1 48. f5 gxf5 49. gxf5 Bxe5 50. Qxh4+ Kg7 51. Qh6+ 1-0

[Event "January 9 Late 2024"]
[Site "https://www.chess.com"]
[Date "2024.01.09"]
[Round "6"]
[White "Sevian, Samuel"]
[Black "Chan, Yi Ren Daniel"]
[Result "1-0"]
[Board "11"]
[TimeControl "180+1"]
[WhiteFideId "2040506"]
[BlackFideId "5801583"]
[WhiteElo "3140"]
[BlackElo "2861"]
[WhiteTeam "USA"]
[BlackTeam "SGP"]
[WhiteClock "0:00:16"]
[BlackClock "0:00:00"]

1. e4 c6 2. d4 d5 3. e5 Bf5 4. h4 h5 5. Ne2 e6 6. Nf4 c5 7. c3 Qb6 8. Nxh5 cxd4 9. Ng3 Bxb1 10. Rxb1 dxc3 11. Bd3 Nc6 12. bxc3 Qc7 13. Bf4 Nh6 14. O-O Bc5 15. Qe2 g6 16. c4 dxc4 17. Bxc4 Nf5 18. Ne4 Be7 19. g3 Nxh4 20. Nd6+ Bxd6 21. exd6 Qd8 22. Rfd1 Qf6 23. d7+ Kf8 24. Qe4 Rd8 25. Rxb7 g5 26. Bd6+ Kg7 27. gxh4 Rxh4 28. Qxc6 Rg4+ 29. Kf1 Qh6 30. Qf3 Qh4 31. Be5+ 1-0

[Event "January 9 Late 2024"]
[Site "https://www.chess.com"]
[Date "2024.01.09"]
[Round "6"]
[White "Remizov, Yaroslav"]
[Black "Bortnyk, Olexandr"]
[Result "0-1"]
[Board "12"]
[TimeControl "180+1"]
[WhiteFideId "34134015"]
[BlackFideId "14120828"]
[WhiteElo "2851"]
[BlackElo "3108"]
[WhiteTeam "RUS"]
[BlackTeam "UKR"]
[WhiteClock "0:00:02"]
[BlackClock "0:00:35"]

1. e4 Nf6 2. e5 Nd5 3. Nc3 Nb6 4. d4 d5 5. f4 g6 6. Nf3 Bg4 7. h3 Bxf3 8. Qxf3 e6 9. Be3 h5 10. Bd3 h4 11. Ne2 N8d7 12. b3 c5 13. c4 cxd4 14. Bxd4 Bb4+ 15. Kf2 Rc8 16. Rhd1 dxc4 17. bxc4 Bc5 18. Be4 O-O 19. Bxb7 Bxd4+ 20. Rxd4 Rxc4 21. Rad1 Rxd4 22. Rxd4 Qe7 23. Kg1 Rb8 24. Bc6 Nc5 25. Kh2 Rc8 26. Be4 Nxe4 27. Qxe4 Nd5 28. Ra4 Qc5 29. f5 exf5 30. Qxh4 Nb6 31. Rxa7 Qxe5+ 32. Ng3 Nd5 33. Qg5 Ne3 34. Kg1 Rc1+ 35. Kf2 Ng4+ 36. hxg4 Qe1+ 37. Kf3 Rc3+ 38. Kf4 Qe3# 0-1

[Event "January 9 Late 2024"]
[Site "https://www.chess.com"]
[Date "2024.01.09"]
[Round "6"]
[White "Beerdsen, Thomas"]
[Black "Makarian, Rudik"]
[Result "1-0"]
[Board "13"]
[TimeControl "180+1"]
[WhiteFideId "1030108"]
[BlackFideId "44105681"]
[WhiteElo "2847"]
[BlackElo "3080"]
[WhiteTeam "NED"]
[BlackTeam "FID"]
[WhiteClock "0:00:21"]
[BlackClock "0:00:03"]

1. e4 c5 2. Nf3 Nc6 3. d4 cxd4 4. Nxd4 Nf6 5. Nc3 d6 6. Nd5 Bd7 7. Nxf6+ gxf6 8. Be2 Qa5+ 9. Bd2 Qb6 10. Bc3 e5 11. Nf5 Bxf5 12. exf5 O-O-O 13. Qd5 Rd7 14. O-O Bh6 15. Rfd1 Rf8 16. a4 a6 17. Bf3 Ne7 18. Qc4+ Qc7 19. Qh4 Bg5 20. Qxh7 d5 21. Bb4 e4 22. Be2 Bf4 23. c3 Bd6 24. Bxd6 Qxd6 25. Qg7 Nxf5 26. Qh7 Ne7 27. Bg4 f5 28. Bxf5 Nxf5 29. Qxf5 Qe6 30. Qf4 Qd6 31. Qe3 f5 32. Rd4 Rh8 33. Rad1 Qxh2+ 34. Kf1 Qh1+ 35. Ke2 Qxg2 36. Qf4 e3 37. Qxe3 Rdd8 38. Kd2 Rh3 39. Qe6+ Kb8 40. Qxf5 Rf3 41. Qe5+ Ka8 42. Kc1 Rxf2 43. Rb4 d4 44. Kb1 d3 45. Qc7 Rb8 46. Qd7 Rd2 47. Rxd2 Qxd2 48. Rd4 Qc2+ 49. Ka2 d2 50. Rxd2 Qe4 51. Rd4 Qf3 52. Rb4 Rf8 53. Rb3 Rb8 54. Rb6 Rf8 55. Qd6 Qf7+ 56. Ka3 Re8 57. Qc5 Qe7 58. Rd6 Rd8 59. Rxd8+ Qxd8 60. a5 Qd1 61. Qc8+ Ka7 62. Qc5+ Ka8 63. Qd4 Qa1+ 64. Kb3 Qxa5 65. c4 Qc7 66. Ka3 Qc6 67. b4 Qf3+ 68. Ka4 Qc6+ 69. b5 axb5+ 70. cxb5 Qc2+ 71. Ka5 Qa2+ 72. Kb4 Qb1+ 73. Kc5 Qc2+ 74. Kb6 Kb8 75. Qe5+ Kc8 76. Qe8# 1-0

[Event "January 9 Late 2024"]
[Site "https://www.chess.com"]
[Date "2024.01.09"]
[Round "6"]
[White "Mikaelyan, Arman"]
[Black "Bluebaum, Matthias"]
[Result "0-1"]
[Board "14"]
[TimeControl "180+1"]
[WhiteFideId "13304852"]
[BlackFideId "24651516"]
[WhiteElo "2841"]
[BlackElo "3075"]
[WhiteTeam "ARM"]
[BlackTeam "GER"]
[WhiteClock "0:00:01"]
[BlackClock "0:01:02"]

1. d4 d5 2. c4 e6 3. Nf3 Nf6 4. Nc3 Bb4 5. Bg5 h6 6. Bxf6 Qxf6 7. e3 c5 8. cxd5 exd5 9. Qb3 O-O 10. dxc5 Bxc3+ 11. Qxc3 Qxc3+ 12. bxc3 Be6 13. Nd4 Rc8 14. c4 Rxc5 15. Nxe6 fxe6 16. cxd5 exd5 17. Kd2 Nc6 18. Bd3 Ne5 19. Rhc1 Rac8 20. Rxc5 Rxc5 21. Rb1 b6 22. a4 Kf7 23. Rb4 Ke6 24. Be2 Nc6 25. Rg4 g5 26. h4 Ne5 27. Rb4 Rc7 28. hxg5 hxg5 29. f4 gxf4 30. exf4 Nc6 31. Bg4+ Kd6 32. Rb3 Nd4 33. Rh3 Rc4 34. Rh6+ Kc5 35. Bd7 Rc2+ 36. Ke3 Rxg2 37. f5 Re2+ 38. Kd3 Rf2 39. f6 Nf5 40. Rg6 Nd6 41. Be6 Nc4 42. Kc3 d4+ 43. Kd3 Ne5+ 44. Ke4 Nxg6 45. Bf5 Rxf5 46. Kxf5 Nf8 0-1

[Event "January 9 Late 2024"]
[Site "https://www.chess.com"]
[Date "2024.01.09"]
[Round "6"]
[White "Sarana, Alexey"]
[Black "Pichot, Alan"]
[Result "1-0"]
[Board "15"]
[TimeControl "180+1"]
[WhiteFideId "24133795"]
[BlackFideId "110973"]
[WhiteElo "3046"]
[BlackElo "2847"]
[WhiteTeam "SRB"]
[BlackTeam "ESP"]
[WhiteClock "0:01:24"]
[BlackClock "0:00:04"]

1. d4 d5 2. c4 e6 3. Nc3 a6 4. cxd5 exd5 5. Nf3 Nf6 6. Bg5 Be6 7. Qb3 Nbd7 8. e3 b5 9. Qc2 h6 10. Bh4 c5 11. dxc5 Bxc5 12. Bd3 Rc8 13. O-O b4 14. Na4 Bxe3 15. Qe2 Bf4 16. Bxa6 Ra8 17. Bb5 O-O 18. Nd4 Re8 19. Qf3 g5 20. Bg3 Bg4 21. Qb3 Qb8 22. Qxb4 Re4 23. Nc3 Re8 24. Nc6 Qc7 25. Ne7+ Rxe7 26. Qxe7 Re8 27. Nxd5 Rxe7 28. Nxc7 Nc5 29. Na6 1-0

[Event "January 9 Late 2024"]
[Site "https://www.chess.com"]
[Date "2024.01.09"]
[Round "6"]
[White "Iturrizaga Bonelli, Eduardo"]
[Black "Bryakin, Mikhail"]
[Result "1-0"]
[Board "16"]
[TimeControl "180+1"]
[WhiteFideId "3901211"]
[BlackFideId "4165314"]
[WhiteElo "3032"]
[BlackElo "2839"]
[WhiteTeam "ESP"]
[BlackTeam "SRB"]
[WhiteClock "0:00:15"]
[BlackClock "0:00:00"]

1. c4 e6 2. Nf3 d5 3. e3 Nf6 4. b3 Be7 5. Bb2 O-O 6. Be2 b6 7. O-O Bb7 8. Qc2 dxc4 9. bxc4 c5 10. Nc3 Nc6 11. Rfd1 Rc8 12. Rac1 Qc7 13. h3 Rfd8 14. Qb1 Qb8 15. Qa1 Qa8 16. d3 h6 17. Ne1 Ne5 18. Nb5 Ng6 19. a4 Bc6 20. a5 a6 21. Nc3 b5 22. Bf3 Bxf3 23. Nxf3 Qb7 24. Rb1 Qc6 25. cxb5 axb5 26. Nxb5 Rb8 27. Na3 Rb3 28. Nc4 Qa6 29. Qa4 Rbxd3 30. Rxd3 Rxd3 31. Bxf6 gxf6 32. Rb6 Qa7 33. a6 Rd7 34. Qc6 Rc7 35. Qb5 Nf8 36. Rb7 Rxb7 37. axb7 Qb8 38. Na5 Bd6 39. Nc6 Qe8 40. Nd2 Nd7 41. Ne4 Bc7 42. b8=Q Nxb8 43. Nxf6+ 1-0

[Event "January 9 Late 2024"]
[Site "https://www.chess.com"]
[Date "2024.01.09"]
[Round "6"]
[White "Svane, Rasmus"]
[Black "Troff, Kayden"]
[Result "1/2-1/2"]
[Board "17"]
[TimeControl "180+1"]
[WhiteFideId "4657101"]
[BlackFideId "2047896"]
[WhiteElo "3008"]
[BlackElo "2831"]
[WhiteTeam "GER"]
[BlackTeam "USA"]
[WhiteClock "0:00:02"]
[BlackClock "0:00:06"]

1. Nf3 Nf6 2. g3 g6 3. Bg2 Bg7 4. O-O O-O 5. d4 d5 6. c4 c6 7. Qb3 Nbd7 8. cxd5 cxd5 9. Nc3 Nb6 10. Bf4 Be6 11. a4 Ne4 12. Rfc1 h6 13. h4 Nd6 14. Ne5 g5 15. hxg5 hxg5 16. Bxg5 f6 17. a5 fxg5 18. axb6 Qxb6 19. Qxb6 axb6 20. Rxa8 Rxa8 21. Nxd5 Nf5 22. Nc7 Rc8 23. Bxb7 Nxd4 24. Bxc8 Bxc8 25. Nc6 Nxe2+ 26. Kf1 Nxc1 27. Nxe7+ Kf8 28. Nxc8 Bxb2 29. Nxb6 Bd4 30. Nc4 Nd3 31. f3 Kf7 32. Nb5 Bc5 33. Ke2 Nc1+ 34. Kd2 Nb3+ 35. Kc3 Na1 36. Kb2 Ke6 37. Kxa1 Kd5 38. Nd2 Bb4 39. Ne4 g4 40. Nf6+ Ke6 41. Nxg4 Be1 42. Ne3 Bxg3 43. Nd4+ Ke5 44. Ne2 Bf4 45. Ng2 Bd2 46. Kb1 Bh6 47. Kc2 Kf5 48. Kd3 Kf6 49. Ke4 Bg5 50. Ng3 Bc1 51. Nf1 Bh6 52. Nfe3 Bg5 53. Ng4+ Kg7 54. Ne1 Bc1 55. Nd3 Bd2 56. Kf5 Kf7 57. Ke4 Kg7 58. Ne3 Kg6 59. f4 Kf6 60. f5 Bxe3 61. Ne5 Bc1 62. Ng4+ Kg5 63. Nh2 Bb2 64. Nf3+ Kf6 65. Kf4 Ba1 66. Kg4 Bb2 67. Ng5 Ba1 68. Ne4+ Ke5 69. Nf2 Kf6 70. Nd3 Bc3 71. Nc5 Bb2 72. Ne4+ Kg7 73. Nd2 Bc3 74. Nf3 Kf6 75. Kf4 Bb2 76. Ke4 Kg7 77. Ne1 Kf6 78. Nd3 Bc3 79. Nf4 Bb2 80. Nd5+ Kg7 81. Kf4 Bd4 82. Kf3 Bb2 83. Ke4 Kf7 84. Nf4 Kf6 85. Nd3 Ba1 86. Nf2 Bb2 87. Ng4+ Kf7 88. Kf4 Bc1+ 89. Kf3 Bb2 90. Ke4 Kg7 91. Ne3 Kf7 92. Nc4 Ba1 93. Kf4 Kf6 94. Nd2 Bb2 95. Ne4+ Kf7 96. Kg4 Kg7 97. Ng5 Kf6 98. Ne4+ Kg7 1/2-1/2

[Event "January 9 Late 2024"]
[Site "https://www.chess.com"]
[Date "2024.01.09"]
[Round "6"]
[White "Hakobyan, Aram"]
[Black "Velikanov, Alexander"]
[Result "1-0"]
[Board "18"]
[TimeControl "180+1"]
[WhiteFideId "13306677"]
[BlackFideId "2039290"]
[WhiteElo "3005"]
[BlackElo "2806"]
[WhiteTeam "ARM"]
[BlackTeam "USA"]
[WhiteClock "0:00:33"]
[BlackClock "0:00:14"]

1. e4 c5 2. Nf3 a6 3. g3 b5 4. d4 cxd4 5. Nxd4 Bb7 6. Bg2 e6 7. O-O Bc5 8. Be3 d6 9. Re1 Ne7 10. a4 b4 11. Nd2 O-O 12. N2b3 Ba7 13. Qh5 e5 14. Nf5 g6 15. Nh6+ Kg7 16. Qh4 Bxe3 17. Rxe3 a5 18. Rd1 Nd5 19. Qxd8 Rxd8 20. exd5 Kxh6 21. Bf1 Nd7 22. Bb5 Nb6 23. Bc6 Bxc6 24. dxc6 Nc4 25. Re4 Nxb2 26. Rd5 Nxa4 27. Rxa5 Rxa5 28. Nxa5 Ra8 29. Nb7 Nc5 30. Nxc5 dxc5 31. Rxe5 c4 32. Re4 b3 33. Rxc4 b2 34. Rb4 Rc8 35. Rxb2 Rxc6 36. Kf1 Kg5 37. h3 f5 38. Ke2 Rc5 39. Kd3 f4 40. c4 fxg3 41. fxg3 h5 42. Rb5 1-0

[Event "January 9 Late 2024"]
[Site "https://www.chess.com"]
[Date "2024.01.09"]
[Round "6"]
[White "Deac, Bogdan-Daniel"]
[Black "Wafa, Hamed"]
[Result "1-0"]
[Board "19"]
[TimeControl "180+1"]
[WhiteFideId "1226380"]
[BlackFideId "10628452"]
[WhiteElo "3001"]
[BlackElo "2798"]
[WhiteTeam "ROU"]
[BlackTeam "EGY"]
[WhiteClock "0:00:55"]
[BlackClock "0:00:00"]

1. b3 e5 2. Bb2 Nc6 3. Nf3 e4 4. Nd4 Nf6 5. e3 Bc5 6. Nf5 Kf8 7. c4 d5 8. cxd5 Qxd5 9. Ng3 Bg4 10. Qc1 Re8 11. Bxf6 gxf6 12. Nc3 Qe5 13. Ncxe4 Bb6 14. Qc3 f5 15. h3 Qxc3 16. dxc3 fxe4 17. hxg4 Re5 18. O-O-O a5 19. Bc4 Ke7 20. Nf5+ Ke8 21. Ng3 Ke7 22. Bd5 Nd8 23. Bxe4 Ne6 24. Nf5+ 1-0

[Event "January 9 Late 2024"]
[Site "https://www.chess.com"]
[Date "2024.01.09"]
[Round "6"]
[White "Badmatsyrenov, Oleg"]
[Black "Shankland, Sam"]
[Result "1-0"]
[Board "20"]
[TimeControl "180+1"]
[WhiteFideId "24115762"]
[BlackFideId "2004887"]
[WhiteElo "2791"]
[BlackElo "2981"]
[WhiteTeam "FID"]
[BlackTeam "USA"]
[WhiteClock "0:00:11"]
[BlackClock "0:00:15"]

1. e4 c5 2. Nf3 d6 3. d4 cxd4 4. Nxd4 Nf6 5. Nc3 Nc6 6. Bg5 e6 7. Qd2 a6 8. O-O-O Bd7 9. f3 Nxd4 10. Qxd4 Be7 11. Qd2 b5 12. Kb1 Qc7 13. h4 b4 14. Ne2 a5 15. Nd4 O-O 16. Bb5 Rfc8 17. Bxd7 Qxd7 18. g4 Rc4 19. Be3 a4 20. h5 e5 21. Nf5 Bf8 22. Nxd6 Rc6 23. Nf5 Qb7 24. g5 b3 25. cxb3 Nxe4 26. fxe4 axb3 27. a3 Rc2 28. Qd5 Qc8 29. Qxb3 Rc6 30. Rc1 g6 31. hxg6 hxg6 32. Nh6+ Bxh6 33. gxh6 Rxc1+ 34. Rxc1 Qg4 35. Qd5 Re8 36. Rc7 Re6 37. Qd8+ 1-0

[Event "January 9 Late 2024"]
[Site "https://www.chess.com"]
[Date "2024.01.09"]
[Round "6"]
[White "Krzyzanowski, Marcin"]
[Black "Chigaev, Maksim"]
[Result "0-1"]
[Board "21"]
[TimeControl "180+1"]
[WhiteFideId "1132199"]
[BlackFideId "4108116"]
[WhiteElo "2778"]
[BlackElo "2979"]
[WhiteTeam "POL"]
[BlackTeam "ESP"]
[WhiteClock "0:00:02"]
[BlackClock "0:00:05"]

1. Nf3 Nf6 2. g3 g6 3. Bg2 Bg7 4. O-O O-O 5. c4 d6 6. d4 c5 7. dxc5 dxc5 8. Ne5 Qd4 9. Nd3 Nc6 10. Be3 Qxc4 11. Na3 Qg4 12. Nxc5 Qh5 13. f3 Rd8 14. Qc1 b6 15. Ne4 Bb7 16. g4 Qd5 17. Nc3 Qe6 18. Bf2 Rac8 19. Rd1 h5 20. g5 Nd5 21. Nxd5 Rxd5 22. Rxd5 Qxd5 23. Qc4 Qxg5 24. h4 Qf6 25. Rb1 Qf5 26. Qb5 Nd4 27. Qxf5 Nxf5 28. Nb5 a6 29. Nc3 b5 30. e4 Nd4 31. Rd1 e5 32. Nd5 Rc2 33. Bxd4 exd4 34. f4 Bxd5 35. exd5 Bf8 36. f5 Rxb2 37. fxg6 fxg6 38. Be4 Kg7 39. Rc1 Re2 40. Rc7+ Kh6 41. Bd3 Re3 42. Rf7 Bc5 43. d6 Bxd6 44. Rf6 Rxd3 45. Rxd6 a5 46. Rd5 b4 47. Rxa5 Rg3+ 48. Kf2 Rg4 49. Rb5 d3 50. Rd5 Rxh4 51. Rxd3 Rh2+ 52. Kg3 Rxa2 53. Rd4 Ra3+ 54. Kh2 b3 55. Rb4 Ra2+ 56. Kg3 b2 57. Rb6 Ra5 58. Kh4 Ra4+ 59. Kg3 Rg4+ 60. Kh3 Rf4 61. Kg3 Rf5 62. Rxb2 Kg5 63. Rb4 Rd5 64. Rb3 Re5 65. Kh3 Kf5 66. Rf3+ Ke6 67. Ra3 Kf6 68. Rf3+ Kg5 69. Rg3+ Kh6 70. Ra3 Re6 71. Kg3 g5 72. Ra8 Re3+ 73. Kf2 Rd3 74. Ra6+ Kg7 75. Ke2 Rd7 76. Kf3 Rf7+ 77. Kg3 Rf6 78. Ra8 Kg6 79. Rh8 h4+ 80. Kh3 Rf3+ 81. Kh2 Rg3 82. Rf8 Kh5 83. Rf2 Rb3 84. Rc2 Rb4 85. Rc5 Kg4 86. Rc2 Rf4 87. Rg2+ Kh5 88. Ra2 Rf5 89. Ra4 g4 90. Rb4 Kg5 91. Ra4 h3 92. Ra3 Rf2+ 93. Kg3 Rg2# 0-1

[Event "January 9 Late 2024"]
[Site "https://www.chess.com"]
[Date "2024.01.09"]
[Round "6"]
[White "Anton Guijarro, David"]
[Black "Ivanisevic, Ivan"]
[Result "1-0"]
[Board "22"]
[TimeControl "180+1"]
[WhiteFideId "2285525"]
[BlackFideId "912417"]
[WhiteElo "2977"]
[BlackElo "2778"]
[WhiteTeam "ESP"]
[BlackTeam "SRB"]
[WhiteClock "0:00:02"]
[BlackClock "0:00:06"]

1. Nf3 d6 2. d4 Nf6 3. c4 g6 4. Nc3 Bg7 5. e3 O-O 6. Be2 e5 7. O-O Qe7 8. b4 e4 9. Nd2 Bf5 10. a4 h5 11. a5 Re8 12. b5 a6 13. Bb2 Nbd7 14. bxa6 bxa6 15. Qa4 h4 16. h3 Nf8 17. Rfc1 N8h7 18. Bf1 g5 19. Be2 Rab8 20. Rab1 c5 21. Nd5 Nxd5 22. cxd5 Rxb2 23. Rxb2 cxd4 24. exd4 e3 25. Nf1 exf2+ 26. Kxf2 Nf6 27. Bf3 Ne4+ 28. Kg1 Ng3 29. Kh2 Bd3 30. Rb7 Nxf1+ 31. Rxf1 Qe3 32. Rd1 Be2 33. Re1 Qf4+ 34. Kh1 Re3 35. Rxe2 Rxe2 36. Bxe2 Bxd4 37. Rb1 Be5 38. Qxf4 Bxf4 39. Bxa6 1-0

[Event "January 9 Late 2024"]
[Site "https://www.chess.com"]
[Date "2024.01.09"]
[Round "6"]
[White "Fressinet, Laurent"]
[Black "Korchmar, Vasiliy"]
[Result "1/2-1/2"]
[Board "23"]
[TimeControl "180+1"]
[WhiteFideId "608742"]
[BlackFideId "24131750"]
[WhiteElo "2972"]
[BlackElo "2748"]
[WhiteTeam "FRA"]
[BlackTeam "RUS"]
[WhiteClock "0:00:10"]
[BlackClock "0:00:06"]

1. d4 d5 2. Nf3 Nf6 3. Bg5 g6 4. Nbd2 c5 5. Bxf6 exf6 6. e3 Nc6 7. Bb5 Qb6 8. c4 dxc4 9. Qa4 cxd4 10. Nxc4 Qc7 11. Nxd4 Bd7 12. O-O Be7 13. Rac1 Nxd4 14. exd4 Bxb5 15. Qxb5+ Qd7 16. a4 Rd8 17. Na5 O-O 18. Nxb7 Qxb5 19. axb5 Rxd4 20. Rc7 Bd8 21. Nxd8 Rfxd8 22. Rxa7 Rb4 23. Rb7 Rxb2 24. g3 Rd5 25. b6 Rd6 26. Rb8+ Kg7 27. b7 Rd7 28. Kg2 Rdxb7 29. Rxb7 Rxb7 30. Rc1 f5 31. Rc6 Rb5 32. h4 Rb4 33. f4 Rb2+ 34. Kf3 Rb3+ 35. Kg2 Rb4 36. Rc7 Re4 37. Kf3 Re6 38. Kg2 Ra6 39. Kf3 h6 40. Kg2 Ra2+ 41. Kf3 Ra3+ 42. Kg2 Kf6 43. Rc6+ Kg7 44. Rc7 Rd3 45. Kf2 Rd6 46. Kg2 Kf6 47. Kf3 Re6 48. Kg2 Re7 49. Rc6+ Kg7 50. Kf3 f6 51. Rc5 Rd7 52. Kf2 Kf7 53. Kf3 Ke6 54. Rc8 g5 55. fxg5 fxg5 56. Rh8 Rd3+ 57. Kf2 g4 58. Rxh6+ Ke5 59. Rh8 Ra3 60. Re8+ Kd4 61. h5 Ra2+ 62. Kg1 Ra1+ 63. Kg2 Ra2+ 64. Kg1 Ra1+ 65. Kg2 Ra2+ 66. Kg1 1/2-1/2

[Event "January 9 Late 2024"]
[Site "https://www.chess.com"]
[Date "2024.01.09"]
[Round "6"]
[White "Salem, A.R. Saleh"]
[Black "Tarhan, Adar"]
[Result "1-0"]
[Board "24"]
[TimeControl "180+1"]
[WhiteFideId "9301348"]
[BlackFideId "34544712"]
[WhiteElo "2968"]
[BlackElo "2717"]
[WhiteTeam "UAE"]
[BlackTeam "TUR"]
[WhiteClock "0:00:59"]
[BlackClock "0:00:01"]

1. d4 Nf6 2. c4 e6 3. Nc3 Bb4 4. a3 Bxc3+ 5. bxc3 b6 6. f3 d5 7. cxd5 exd5 8. e3 O-O 9. Ne2 Re8 10. Ng3 h5 11. Bb5 Bd7 12. Bd3 h4 13. Ne2 c5 14. O-O Nc6 15. g4 hxg3 16. Nxg3 Rc8 17. Ra2 Bh3 18. Re1 Qc7 19. Rf2 cxd4 20. cxd4 Nxd4 21. Bb2 Nc6 22. Bxf6 gxf6 23. Bf5 Bxf5 24. Nxf5 Re5 25. f4 Rxf5 26. Qg4+ Kf8 27. Qxf5 Ne7 28. Qxf6 Ng8 29. Qg5 Qc3 30. Ree2 Nf6 31. Rc2 Qe1+ 32. Kg2 Rxc2 33. Rxc2 Qxe3 34. Qe5 Qd3 35. Rc8+ Kg7 36. Rc3 Qd2+ 37. Kh3 Qxf4 1-0